 Dungeon Crawl Stone Soup version 0.25-a0-681-gdf4e720381 (console) character file.

Game seed: 11733812156188869448, levelgen mode: classic

37 Duffy the Chopper (level 3, 29/29 HPs)
             Began as a Demonspawn Fighter on Mar 30, 2020.
             Quit the game on level 2 of the Dungeon.
             The game lasted 00:01:23 (938 turns).

Duffy the Chopper (Demonspawn Fighter)               Turns: 938, Time: 00:01:24

Health: 29/29      AC:  8    Str: 16    XL:     3   Next: 21%
Magic:  3/3        EV:  6    Int: 10    God:
Gold:   112        SH:  9    Dex: 12    Spells: 2/2 levels left

rFire    . . .     SeeInvis .   a - +1 war axe
rCold    . . .     Gourm    .   c - +1 kite shield
rNeg     . . .     Faith    .   b - +0 scale mail
rPois    .         Spirit   .   (no helmet)
rElec    .         Reflect  .   (no cloak)
rCorr    +         Harm     .   (no gloves)
MR       .....                  (no boots)
Stlth    ..........             (no amulet)
HPRegen  0.09/turn              t - ring of resist corrosion
MPRegen  0.08/turn              (no ring)

@: brilliant, stab, flying, hasted, very quick
A: thin metallic scales 1
a: no special abilities


You were on level 2 of the Dungeon.
You were not hungry.

You visited 1 branch of the dungeon, and saw 2 of its levels.

You collected 112 gold pieces.

Inventory:

Hand Weapons
 a - a +1 war axe (weapon)
Armour
 b - a +0 scale mail (worn)
 c - a +1 kite shield (worn)
Jewellery
 t - a ring of resist corrosion (left hand)
Wands
 l - a wand of flame (9)
Scrolls
 j - a scroll of enchant armour
Potions
 d - a potion of might
 e - a potion of curing
 h - a potion of stabbing
 k - 2 potions of berserk rage
Comestibles
 f - 3 rations


   Skills:
 - Level 3.0 Fighting
 + Level 3.3 Axes
 - Level 2.6 Armour
 - Level 2.6 Shields


You had 2 spell levels left.
You didn't know any spells.
Your spell library was empty.

Dungeon Overview and Level Annotations

Branches:
Dungeon (2/15)

Altars:
Yredelemnul


Innate Abilities, Weirdness & Mutations

You are partially covered in thin metallic scales. (AC +2)


Message History

All of the chunks of flesh in your inventory have rotted away.
Found a ring mail.
You see here a ring mail.
You now have 112 gold pieces (gained 8).
f - 3 rations (gained 1)
You open the door.
There is an open door here.
Found a leather armour.
Found a stone staircase leading down.
l - a wand of flame (9) No target in view!
It was a potion of curing.
You feel better.
It was a potion of haste.
You feel yourself speed up.
It was a potion of stabbing.
You feel ready to backstab.
It was a potion of flight.
You feel very buoyant.
You fly up into the air.
It was a potion of brilliance.
You feel clever all of a sudden.
Are you sure you want to abandon this character and quit the game? (Confirm with "yes".)

*,,,,,,,,,,,,,,,,,,,,,,,,*
*,,,,,,...,,,,,...,,,,,,,*
*******,,,,,,,..,,*,....,,,,,,,*##
*,,,,,,,,,,,,,..,,,.....,,,,,,,,..
*,,,,,,,,,,,,,,.***...[.,,,,,,,**#
*,,,,,,,,,,,,,,.###.....,,,,,,,*
*********,*****#........,,,,,,,*
**.######........,,,,,,,###
*,.......@..#***********#..
*,.........## #.. *,.........# #..
*,.........###############.
*,>........'...............
*,.........##############..
*****,.........# *,,,,,,,*#..
*,,,,,.........# *,,,,,,,*##.
*,,,,,.........# *,,,....* #.


There were no monsters in sight!

Vanquished Creatures
  An ooze (D:1)
  2 ball pythons (D:1)
  6 bats (D:1)
  3 goblins (D:1)
  4 hobgoblins (D:1)
  5 frilled lizards
  5 kobolds (D:1)
  4 rats (D:1)
30 creatures vanquished.

Notes
Turn   | Place    | Note
-------+----------+-------------------------------------------
     0 | D:1      | Duffy the Demonspawn Fighter began the quest for the Orb.
     0 | D:1      | Reached XP level 1. HP: 18/18 MP: 1/1
    64 | D:1      | Gained mutation: You are partially covered in thin metallic
                  | scales. (AC +2) [demonic ancestry]
    64 | D:1      | Reached XP level 2. HP: 20/24 MP: 2/2
   307 | D:1      | Reached XP level 3. HP: 26/29 MP: 3/3
   775 | D:2      | Found a basalt altar of Yredelemnul,
   938 | D:2      | Quit the game

Levels and vault maps discovered:
D:1:      co_arrival_square_in_a_square_in_a_square, layout_basic,
          minmay_heptomino_o4
D:2:      layout_basic, lemuel_doored_altar

Skill      XL: |  1  2 |
---------------+-------+-----
Axes           | 2 3 |  3.3
Fighting       | |  3.0
Armour         | |  2.6
Shields        | |  2.6

Action                   || total
-------------------------++-------
Melee: War axe           ||   102
  Use: Scroll            ||     8
       Potion            ||     5
Armor: Scale mail        ||    59
Dodge: Dodged            ||    34
Block: Kite shield       ||    57

Table legend:
 A = Non-vault XP
 B = Vault XP
 C = Vault XP percentage of total XP
 D = Non-vault monster count
 E = Vault monster count
 F = Vault count percentage of total count
                 A         B        C        D         E       F
            +---------+---------+-------+---------+---------+-------
      Total |      50 |       3 |   5.7 |      28 |       2 |   6.7
            +---------+---------+-------+---------+---------+-------
        D:1 |      49 |       3 |   5.8 |      27 |       2 |   6.9
        D:2 |       1 |       0 |   0.0 |       1 |       0 |   0.0
            +---------+---------+-------+---------+---------+-------
